 Dungeon Crawl Stone Soup version 0.31-a0-846-gb3bcc0d938 (webtiles) character file.

Game seed: 15536680277334664462

25942 D12ThenQuit the Slicer (level 13, 70/70 HPs)
             Began as a Vine Stalker Gladiator on Oct 3, 2023.
             Was a Priest of Makhleb.
             Got out of the dungeon alive.
             The game lasted 00:34:14 (12159 turns).

D12ThenQuit the Slicer (Vine Stalker Gladiator)    Turns: 12159, Time: 00:34:14

Health: 70/70      AC: 12    Str: 18    XL:     13   Next: 22%
Magic:  14/14      EV: 16    Int: 13    God:    Makhleb [***...]
Gold:   851        SH:  5    Dex: 20    Spells: 12/12 levels left

rFire   + . .        i - +5 rapier "Luitel" {drain, *Noise Will+ Int+5}
rCold   + . .        (no shield)
rNeg    . . .        L - +1 ring mail {rF+}
rPois   .            c - +0 helmet
rElec   .            f - +0 cloak
rCorr   .            (no gloves)
SInv    .            (no boots)
Will    ++...        r - amulet of reflection
Stlth   +            B - ring of protection from cold
HPRegen 1.11/turn    E - +4 ring of protection
MPRegen 0.14/turn

%: reflection, guardian spirit
@: no status effects
A: fangs 3, regeneration 1, magic shield, antimagic bite, no potion heal 2
a: Renounce Religion, Minor Destruction, Lesser Servant of Makhleb


You escaped.
You worshipped Makhleb.
Makhleb was most pleased with you.
You visited 2 branches of the dungeon, and saw 13 of its levels.
You also visited: Ossuary.

You collected 1109 gold pieces.
You spent 258 gold pieces at shops.

Inventory:

Hand Weapons
 a - a +0 rapier of venom
 i - the +5 rapier "Luitel" (weapon) {drain, *Noise Will+ Int+5}
   (You found it on level 6 of the Dungeon)

   Int+5:     It affects your intelligence (+5).
   Will+:     It increases your willpower.
   *Noise:    It may make a loud noise when swung.
 l - a +0 spear of venom
 q - a +4 dagger
Missiles
 d - 7 throwing nets (quivered)
 e - a javelin
 j - 14 boomerangs
Armour
 b - a +0 leather armour
 c - a +0 helmet (worn)
 f - a +0 cloak (worn)
 v - a scarf of invisibility
 L - a +1 ring mail of fire resistance (worn)
Jewellery
 g - a ring of resist corrosion
 r - an amulet of reflection (around neck)
 B - a ring of protection from cold (left hand)
 E - a +4 ring of protection (right hand)
 J - an amulet of faith
Wands
 w - a wand of acid (13)
 H - a wand of charming (15)
 P - a wand of roots (7)
Scrolls
 n - 2 scrolls of immolation
 o - 3 scrolls of teleportation
 p - 3 scrolls of silence
 s - a scroll of blinking
 x - 3 scrolls of amnesia
 y - 3 scrolls of revelation
 C - 2 scrolls of enchant weapon
 D - 2 scrolls of summoning
 F - a scroll of fear
 G - 4 scrolls of vulnerability
 N - a scroll of fog
 O - a scroll of poison
 R - 3 scrolls of identify
 T - a scroll of acquirement {unknown}
Potions
 h - 5 potions of heal wounds
 k - a potion of ambrosia
 m - 2 potions of attraction
 t - 3 potions of curing
 u - a potion of magic
 z - 2 potions of enlightenment
 A - 2 potions of lignification
 I - 4 potions of might
 K - 2 potions of brilliance
 Q - a potion of haste
 S - a potion of resistance
Miscellaneous
 M - a sack of spiders


   Skills:
 + Level 9.5 Fighting
 - Level 14.0 Short Blades
 - Level 1.7 Throwing
 + Level 8.8 Dodging
 + Level 7.4 Evocations


You had 12 spell levels left.
You didn't know any spells.
Your spell library contained the following spells:

 Spells                   Type           Power      Damage    Failure   Level
 Magic Dart               Conj           0%         1d3       50%         1
 Call Imp                 Summ           0%         N/A       63%         2
 Ensorcelled Hibernation  Hex/Ice        0%         N/A       63%         2
 Jinxbite                 Hex            0%         N/A       63%         2
 Lesser Beckoning         Tloc           0%         N/A       63%         2
 Sublimation of Blood     Necr           0%         N/A       63%         2
 Gell's Gravitas          Tloc           0%         N/A       86%         3
 Mephitic Cloud           Conj/Pois/Air  0%         N/A       86%         3
 Teleport Other           Tloc           0%         N/A       86%         3
 Anguish                  Hex/Necr       0%         N/A       99%         4
 Petrify                  Tmut/Erth      0%         N/A       99%         4
 Alistair's Intoxication  Tmut/Pois      0%         N/A       100%        5
 Borgnjor's Vile Clutch   Necr/Erth      0%         N/A       100%        5
 Irradiate                Conj/Tmut      0%         3d11      100%        5
 Eringya's Noxious Bog    Tmut/Pois      0%         4d6       100%        6


Dungeon Overview and Level Annotations

Branches:
Dungeon (12/15)            Temple (1/1) D:6            Lair (0/5) D:11
    Orc (0/2) D:11        Ossuary (visited)

Altars:
Ashenzari
Cheibriados
Dithmenos
Elyvilon
Fedhas
Gozag
Hepliaklqana
Kikubaaqudgha
Makhleb
Nemelex Xobeh
Okawaru
Qazlal
Ru
Sif Muna
Trog
Uskayaw
Vehumet
Wu Jian
Xom
Yredelemnul
Zin
The Shining One

Shops:
D:2 *   D:6 =   D:7 *   D:11 ?

Annotations:
D:4 2 runed translucent doors, exclusion: sleepcap, arglypuff's ghost, amateur HOCA


Innate Abilities, Weirdness & Mutations

You have razor-sharp teeth.
Your natural rate of healing is unusually fast.
When hurt, damage is shared between your health and your magic reserves.
Your bite disrupts and absorbs the magic of your enemies.
Potions cannot restore your health.


Message History

You see here a +0 mace.
There is a stone staircase leading up, spattered with blood here.
You climb upwards.
There is a stone staircase leading down, spattered with blood here.
Things that are here:
a +0 giant club; a +0 giant club
There is a stone staircase leading up here.
You climb upwards.
There is a stone staircase leading down here.
There is an open door here.
There is a stone staircase leading up here.
You climb upwards.
There is a stone staircase leading down here.
There is a stone staircase leading up here.
You climb upwards.
There is a stone staircase leading down here.
You see here 5 stones.
There is a stone staircase leading up, spattered with blood here.
You climb upwards.
There is a stone staircase leading down, spattered with blood here.
There is a stone staircase leading up, spattered with blood here.
You see here a howler monkey skeleton.
You climb upwards.
There is a stone staircase leading down here.
There is a stone staircase leading up here.
You climb upwards.
Level annotation: 2 runed translucent doors, exclusion: sleepcap, arglypuff's ghost, amateur HOCA
There is a stone staircase leading down here.
There is a stone staircase leading up here.
You climb upwards.
There is a stone staircase leading down here.
There is a stone staircase leading up here.
You climb upwards.
There is a stone staircase leading down here.
There is a stone staircase leading up here.
You climb upwards.
There is a stone staircase leading down here.
There is an open door here.
There is a staircase leading out of the dungeon here.
You have escaped!

#......#.#..÷÷...÷÷..#.#
#......#.#...........#.#
#......#.#.8..8.8..8.#.#
##......#.#...........#.#
..........#...........#.#
#########.#...........#.#
#.#...........#.#
#.#...........#.#
#.......@.......#
#.#...........###
#.#...........#
#.#...........#
#.#...........#
#######.#...........#
#.......#.8..8.8..8.#
#.####..#...........# #.#
#.##...........#


There were no monsters in sight!

Vanquished Creatures
  Erica (D:8)
  A centaur warrior (D:12)
  8 two-headed ogres
  A boulder beetle (D:8)
  3 death yaks
  Amaemon (D:9)
  2 ugly things (D:12)
  A manticore (D:11)
  An orange demon (D:9)
  2 gargoyles
  Jeremiah (D:7)
  Maggie (D:8)
  3 kobold demonologists
  An unseen horror (D:12)
  5 trolls
  6 slime creatures
  2 shadows (D:12)
  3 wraiths
  12 yaks
  Grum (D:8)
  2 wyverns
  5 vampire mosquitoes (D:12)
  5 water moccasins
  A swamp drake (D:11)
  Duvessa (D:7)
  6 orc warriors
  An ice beast (D:4)
  A black bear (D:5)
  4 sky beasts
  An ogre (D:6)
  4 wolves (D:8)
  6 centaurs
  2 phantoms
  6 kobold brigands
  3 gnoll sergeants (D:9)
  4 scorpions
  4 bullfrogs
  13 wights
  Dowan (D:7)
  26 killer bees
  6 howler monkeys
  6 crimson imps (D:9)
  3 jellies
  3 gnoll boudas
  4 orc priests
  2 hounds (D:6)
  2 iguanas
  A sleepcap (D:5)
  A hell rat (D:10)
  18 orc wizards
  Terence (D:3)
  8 mummies (Ossuary)
  29 gnolls
  11 adders
  2 shadow imps
  2 white imps (D:9)
  3 ufetubi
  2 dart slugs
  43 orcs
  9 endoplasms
  3 giant cockroaches
  3 gnoll zombies (Ossuary)
  11 goblins
  7 hobgoblins
  4 jackals (D:4)
  7 quokkas
  5 ball pythons
  6 bats
  A frilled lizard (D:3)
  A goblin zombie (D:6)
  2 hobgoblin zombies (Ossuary)
  25 kobolds
  3 orc zombies (Ossuary)
  A quokka zombie (D:6)
  3 rats
  A spectral orc (D:8)
391 creatures vanquished.

Vanquished Creatures (others)
  An orc wizard (D:6)
1 creature vanquished.

Grand Total: 392 creatures vanquished

Notes
Turn   | Place    | Note
-------+----------+-------------------------------------------
     0 | D:1      | D12ThenQuit the Vine Stalker Gladiator began the quest for
                  | the Orb.
     0 | D:1      | Reached XP level 1. HP: 11/11 MP: 2/2
   177 | D:1      | Reached skill level 3 in Short Blades
   179 | D:1      | Reached XP level 2. HP: 15/15 MP: 3/3
   403 | D:1      | Reached XP level 3. HP: 18/18 MP: 4/4
   457 | D:1      | Found a faded altar of an unknown god.
   745 | D:2      | Reached skill level 4 in Short Blades
  1077 | D:2      | Found Wiog's General Store.
  1095 | D:2      | Reached XP level 4. HP: 20/23 MP: 5/5
  1097 | D:2      | Bought a scroll of teleportation for 42 gold pieces
  1516 | D:3      | Noticed Terence
  1518 | D:3      | Identified the +0 flail of Entrepreneurial Spirit {pain,
                  | rN+ Dex+2}
  1531 | D:3      | Killed Terence
  1609 | D:3      | Reached skill level 5 in Short Blades
  1712 | D:3      | Reached XP level 5. HP: 26/26 MP: 6/6
  1913 | D:4      | Noticed an ice beast
  2364 | D:4      | Noticed a phantom
  2372 | D:4      | Killed a phantom
  2373 | D:4      | Reached skill level 6 in Short Blades
  2373 | D:4      | Reached XP level 6. HP: 30/30 MP: 7/7
  2679 | D:4      | Killed an ice beast
  2741 | D:4      | Found a large runed translucent door.
  2741 | D:4      | Found a large runed translucent door.
  2742 | D:4      | Noticed arglypuff's ghost (amateur HOCA)
  2962 | D:5      | Entered Level 5 of the Dungeon
  2971 | D:5      | Noticed a water moccasin
  2977 | D:4      | Reached skill level 7 in Short Blades
  2977 | D:4      | Reached XP level 7. HP: 14/34 MP: 8/8
  3317 | D:5      | Reached skill level 8 in Short Blades
  3407 | D:5      | Gained mutation: You have razor-sharp teeth. [Vine Stalker
                  | growth]
  3407 | D:5      | Reached XP level 8. HP: 34/38 MP: 9/9
  3619 | D:6      | Found a sand-covered staircase.
  3635 | Ossuary  | Entered an ossuary
  4063 | D:6      | Identified the +5 rapier "Luitel" {drain, *Noise Will+
                  | Int+5}
  4118 | D:6      | Reached skill level 9 in Short Blades
  4271 | D:6      | Reached XP level 9. HP: 45/45 MP: 10/10
  4379 | D:6      | Found a staircase to the Ecumenical Temple.
  4395 | Temple   | Entered the Ecumenical Temple
  4524 | D:6      | Reached skill level 10 in Short Blades
  4689 | D:6      | Found Ykiplo's Jewellery Shoppe.
  5110 | D:7      | Found Keloiphe's General Store.
  5118 | D:7      | Bought a scroll of fear for 48 gold pieces
  5229 | D:7      | Noticed Jeremiah
  5246 | D:7      | Reached skill level 5 in Fighting
  5256 | D:6      | Reached skill level 5 in Dodging
  5273 | D:7      | Noticed a two-headed ogre
  5278 | D:7      | Noticed a two-headed ogre
  5368 | D:7      | Killed Jeremiah
  5369 | D:7      | Reached XP level 10. HP: 48/51 MP: 11/11
  5430 | D:7      | Noticed a gargoyle
  5447 | D:7      | Killed a gargoyle
  5448 | D:7      | Reached skill level 11 in Short Blades
  5495 | D:7      | Killed a two-headed ogre
  5496 | D:7      | Reached skill level 1 in Evocations
  5496 | D:7      | Found the +6 shillelagh "Devastator" {shatter}
  5576 | D:7      | Found a burning altar of Makhleb.
  5576 | D:7      | Noticed Dowan
  5606 | D:7      | Killed Dowan
  5710 | D:7      | Noticed Duvessa
  5721 | D:7      | Killed Duvessa
  5732 | D:7      | Killed a two-headed ogre
  6369 | D:8      | Noticed Grum
  6483 | D:8      | Noticed a boulder beetle
  6514 | D:8      | Killed Grum
  6524 | D:8      | Killed a boulder beetle
  6525 | D:8      | Reached skill level 12 in Short Blades
  6525 | D:8      | Reached XP level 11. HP: 47/58 MP: 8/12
  6686 | D:8      | Found a blossoming altar of Fedhas.
  6814 | D:8      | Found a basalt altar of Yredelemnul.
  7309 | D:8      | Noticed Erica
  7384 | D:8      | Killed Erica
  7681 | D:9      | Noticed Maggie
  7695 | D:8      | Killed Maggie
  7815 | D:9      | Found a stormy altar of Qazlal.
  7957 | D:9      | Noticed a two-headed ogre
  8010 | D:9      | Killed a two-headed ogre
  8131 | D:7      | Became a worshipper of Makhleb the Destroyer
  8261 | D:9      | Found an ancient bone altar of Kikubaaqudgha.
  8261 | D:9      | Found an opulent altar of Gozag.
  8261 | D:9      | Found a shimmering blue altar of Sif Muna.
  8305 | D:9      | Found a hide-covered altar of Uskayaw.
  8442 | D:9      | Noticed Amaemon
  8467 | D:9      | Killed Amaemon
  8559 | D:9      | Reached * piety under Makhleb
  8569 | D:9      | Reached skill level 13 in Short Blades
  9050 | D:10     | Entered Level 10 of the Dungeon
  9151 | D:10     | Reached XP level 12. HP: 63/63 MP: 13/13
  9268 | D:10     | Reached skill level 5 in Evocations
  9306 | D:10     | Noticed a two-headed ogre
  9312 | D:10     | Killed a two-headed ogre
  9394 | D:10     | Found a shadowy altar of Dithmenos.
  9447 | D:10     | Reached ** piety under Makhleb
  9675 | D:10     | Found a shimmering altar of Xom.
  9798 | D:11     | Noticed a death yak
  9837 | D:10     | Killed a death yak
  9855 | D:11     | Noticed a two-headed ogre
  9866 | D:10     | Killed a two-headed ogre
 10006 | D:11     | Noticed a sun demon
 10058 | D:11     | Found a staircase to the Lair.
 10064 | D:11     | Noticed a death yak
 10066 | D:11     | Noticed a death yak
 10101 | D:10     | Killed a death yak
 10115 | D:11     | Killed a death yak
 10237 | D:11     | Noticed a two-headed ogre
 10249 | D:11     | Killed a two-headed ogre
 10283 | D:11     | Found Itet's Magic Scroll Boutique.
 10301 | D:11     | Bought a scroll of teleportation for 42 gold pieces
 10301 | D:11     | Bought a scroll of teleportation for 42 gold pieces
 10301 | D:11     | Bought a scroll of identify for 28 gold pieces
 10301 | D:11     | Bought a scroll of identify for 28 gold pieces
 10301 | D:11     | Bought a scroll of identify for 28 gold pieces
 10386 | D:11     | Reached *** piety under Makhleb
 10402 | D:11     | Found a staircase to the Orcish Mines.
 10742 | D:11     | Reached skill level 14 in Short Blades
 11205 | D:12     | Found a glowing golden altar of the Shining One.
 11671 | D:12     | Reached XP level 13. HP: 55/70 MP: 12/14
 12159 | D:$      | Got out of the dungeon alive.

Illustrated notes

Levels and vault maps discovered:
D:1:      giann_forest_graveyard, layout_basic,
          dreamdust_ecumenical_altar_angels_and_demons
D:2:      layout_loops_ring, serial_shops, shop
D:3:      layout_rooms, kennysheep_boxes, uniq_terence
D:4:      layout_basic, ebering_ghost_disaster_area, kennysheep_small_square
D:5:      layout_cave_pools
D:6:      cheibrodos_helix_gallery, layout_basic, temple_statues,
          enter_ossuary_4, nicolae_zen_rock_garden, palyth_stone_intersect,
          minmay_shop_enchanted_jewellery, corexii_checkpoint_a,
          hangedman_decor_points
D:7:      layout_layer_cave, general_overflow_altar, serial_rivers,
          chequers_serial_rivers_micro_c, chequers_serial_rivers_room_b,
          chequers_serial_rivers_micro_b, chequers_serial_rivers_room_a,
          chequers_serial_rivers_small_3, serial_shops, shop,
          dilly_guarded_unrand_devastator, uniq_duvessa, uniq_jeremiah
D:8:      layout_cave_pods, fedhas_bush_and_centaur_altar,
          yredelemnul_forgotten_temple_becter, nicolae_hexahallways,
          dk_rats_in_the_wall, uniq_grum, uniq_erica
D:9:      layout_stronghold, grunt_temple_overflow_cloverleaf,
          mainiacjoe_overflow_alcove_1, minmay_nine_imps, uniq_maggie,
          uniq_amaemon
D:10:     layout_roguey, mainiacjoe_overflow_24_doors, xom_butterflies
D:11:     layout_rooms, dpeg_lair_monsters, erik_orc_1, serial_shops, shop_coins
D:12:     minmay_bubble_buster, layout_long_grid, tso_oasis_becter
Temple:   minmay_temple_bridge_abc

Skill      XL: |  1  2  3  4  5  6  7  8  9 10 11 12 13 |
---------------+----------------------------------------+-----
Short Blades   | 3 4 5 6 7 8 9 10 12 13 14 | 14.0
Fighting       | 3 5 6 7 9 |  9.5
Dodging        | 3 5 6 7 8 |  8.8
Evocations     | 3 4 6 7 |  7.4
Throwing       | |  1.7

Action                     |  1- 3 |  4- 6 |  7- 9 | 10-12 | 13-15 || total
---------------------------+-------+-------+-------+-------+-------++-------
  Melee: Rapier            |    86 |   161 |   357 |   745 |    59 ||  1408
         Bite              |    26 |    44 |   124 |   267 |    26 ||   487
         Punch             |     2 |     2 |     7 |    17 |     1 ||    29
  Evoke: Wand              |       |       |     1 |    11 |       ||    12
    Use: Scroll            |       |     3 |     7 |     7 |       ||    17
         Potion            |       |       |       |    11 |       ||    11
   Stab: Sleeping          |     1 |     1 |     1 |     1 |       ||     4
         Distracted        |       |     1 |     1 |       |       ||     2
 Armour: Leather armour    |    40 |    55 |   120 |    96 |       ||   311
         Ring mail         |       |       |       |   144 |    31 ||   175
  Dodge: Dodged            |    44 |    81 |   109 |   294 |    20 ||   548
  Block: Other             |       |    17 |    51 |    95 |     9 ||   172
         Reflection        |       |       |     3 |     3 |       ||     6

Table legend: (Time is in decaauts)
 A = Elapsed time spent in this place.
 B = Non-inter-level travel time spent in this place.
 C = Inter-level travel time spent in this place.
 D = Time resting spent in this place.
 E = Time spent auto-exploring this place.
 F = Levels seen in this place.
 G = Mean time per level.
                   A        B        C        D        E       F      G
               +--------+--------+--------+--------+--------+-----+--------+
         Total |  11708 |  10877 |    831 |    409 |   6463 |  14 |  836.3 |
       Dungeon |  11355 |  10524 |    831 |    395 |   6384 |  12 |  946.2 |
        Temple |      8 |      8 |      0 |      0 |      0 |   1 |    8.0 |
       Ossuary |    343 |    343 |      0 |     14 |     79 |   1 |  343.0 |
               +--------+--------+--------+--------+--------+-----+--------+

Top non-repeatable levels by time:
     D:7: 1432 daAuts
     D:9: 1222 daAuts
     D:4: 1215 daAuts
     D:8: 1178 daAuts
     D:6: 1075 daAuts
    D:12: 1035 daAuts
    D:11: 889 daAuts
    D:10: 831 daAuts
     D:1: 742 daAuts
     D:2: 648 daAuts
     D:5: 575 daAuts
     D:3: 510 daAuts
 Ossuary: 343 daAuts
  Temple: 8 daAuts
